[ AOE2 MATCH · #506498734 ]
UnrankedHuns vs Armenians
Player's team · LOSS
Rival team · WIN
[ REPLAY ANALYSIS · EXTRACTED FROM THE RECORDED GAME ]
Feudal
10:03
Castle
27:43
Imperial
43:42
| APM avg | 50.4 |
| APM peak | 102 |
| eAPM avg | 21.8 |
| Villagers / military | 360 / 761 |
Focus
⚔️ 40.6% · 🌾 59.4%
Scout Cavalry ×421 · Cavalry Archer ×214 · Battering Ram ×30 · Trebuchet (Packed) ×26 · Skirmisher ×25 · Archer ×20
Feudal
14:22
Castle
26:07
Imperial
40:07
| APM avg | 42.8 |
| APM peak | 98 |
| eAPM avg | 29.5 |
| Villagers / military | 215 / 981 |
Focus
⚔️ 52.2% · 🌾 47.8%
Skirmisher ×285 · Militia ×265 · Spearman ×236 · Scout Cavalry ×156 · Composite Bowman ×23 · Trebuchet (Packed) ×10
Match map
Initial resources + every placement click. Lines = walls · curves = elevation contours. ◆ gold · ⬟ stone · ● berries · ✦ relic · ◌ wall gap
Your base· ✓ Closed at 27:43 · 11t walls · 1 gate(s) · fragile
cbox7's base· Open — 8t gap
Smoothed initial terrain · ◌ = detected wall gap · hover for details
Inputs per minute
— theanswer5 - - cbox7
Build order — theanswer5
First 150 of 1029 actions detected
| 0:02 | Queue | Villager (Male) |
| 0:02 | Queue | Villager (Male) |
| 0:03 | Queue | Villager (Male) |
| 1:02 | Queue | Villager (Male) |
| 1:02 | Queue | Villager (Male) |
| 1:35 | Queue | Villager (Male) |
| 1:36 | Queue | Villager (Male) |
| 1:55 | Build | Lumber Camp |
| 1:58 | Queue | Villager (Male) |
| 2:15 | Queue | Villager (Male) |
| 2:44 | Queue | Villager (Male) |
| 3:05 | Queue | Villager (Male) |
| 3:35 | Queue | Villager (Male) |
| 4:04 | Queue | Villager (Male) |
| 4:05 | Queue | Villager (Male) |
| 4:26 | Queue | Villager (Male) |
| 4:38 | Build | Mining Camp |
| 4:43 | Research | Loom |
| 4:53 | Build | Palisade Wall |
| 4:56 | Build | Palisade Wall |
| 5:17 | Queue | Villager (Male) |
| 5:32 | Queue | Villager (Male) |
| 6:17 | Queue | Villager (Male) |
| 6:25 | Build | Barracks |
| 6:30 | Queue | Villager (Male) |
| 6:49 | Queue | Villager (Male) |
| 7:53 | Research | Feudal Age |
| 8:20 | Queue | Militia |
| 8:20 | Queue | Militia |
| 8:20 | Queue | Militia |
| 9:18 | Queue | Militia |
| 9:19 | Queue | Militia |
| 9:52 | Queue | Militia |
| 9:59 | Build | Mill |
| 10:03 | Age | Feudal Age |
| 10:07 | Research | Man-at-Arms (upgrade) |
| 10:19 | Queue | Villager (Male) |
| 10:19 | Queue | Villager (Male) |
| 10:58 | Queue | Villager (Male) |
| 11:20 | Queue | Villager (Male) |
| 11:30 | Build | Mining Camp |
| 11:58 | Queue | Villager (Male) |
| 12:33 | Queue | Villager (Male) |
| 12:51 | Queue | Villager (Male) |
| 13:01 | Build | Watch Tower |
| 13:10 | Queue | Villager (Male) |
| 13:35 | Research | Double-Bit Axe |
| 13:54 | Build | Outpost |
| 13:57 | Queue | Villager (Male) |
| 13:58 | Queue | Villager (Male) |
| 14:13 | Build | Palisade Wall |
| 14:19 | Build | Watch Tower |
| 14:25 | Queue | Villager (Male) |
| 14:25 | Queue | Villager (Male) |
| 14:35 | Build | Palisade Wall |
| 14:45 | Queue | Villager (Male) |
| 15:19 | Queue | Villager (Male) |
| 15:20 | Queue | Villager (Male) |
| 15:22 | Build | Farm |
| 15:23 | Build | Farm |
| 15:24 | Build | Farm |
| 15:26 | Build | Farm |
| 15:26 | Build | Farm |
| 15:36 | Build | Blacksmith |
| 15:59 | Queue | Villager (Male) |
| 16:25 | Research | Fletching |
| 16:27 | Build | Farm |
| 16:47 | Build | Palisade Wall |
| 16:50 | Build | Palisade Wall |
| 17:13 | Queue | Villager (Male) |
| 17:13 | Queue | Villager (Male) |
| 17:22 | Build | Archery Range |
| 17:45 | Queue | Villager (Male) |
| 17:51 | Build | Watch Tower |
| 18:00 | Queue | Villager (Male) |
| 18:02 | Queue | Archer |
| 18:03 | Queue | Archer |
| 18:07 | Research | Padded Archer Armor |
| 18:14 | Queue | Villager (Male) |
| 18:24 | Build | Palisade Wall |
| 18:26 | Build | Farm |
| 18:30 | Queue | Villager (Male) |
| 18:46 | Build | Farm |
| 18:54 | Build | Mining Camp |
| 19:02 | Build | Archery Range |
| 19:11 | Queue | Archer |
| 19:12 | Queue | Villager (Male) |
| 19:36 | Queue | Villager (Male) |
| 20:03 | Queue | Archer |
| 20:03 | Queue | Archer |
| 20:03 | Queue | Archer |
| 20:11 | Build | Farm |
| 20:15 | Build | Farm |
| 20:23 | Queue | Villager (Male) |
| 20:26 | Queue | Archer |
| 20:34 | Build | Lumber Camp |
| 20:45 | Queue | Archer |
| 20:58 | Queue | Villager (Male) |
| 21:02 | Queue | Archer |
| 21:02 | Queue | Archer |
| 21:13 | Queue | Villager (Male) |
| 21:30 | Research | Gold Mining |
| 21:39 | Build | Market |
| 21:42 | Queue | Villager (Male) |
| 21:45 | Queue | Archer |
| 21:47 | Queue | Archer |
| 21:47 | Queue | Archer |
| 21:57 | Queue | Villager (Male) |
| 22:36 | Queue | Villager (Male) |
| 22:46 | Build | Farm |
| 22:48 | Build | Farm |
| 22:51 | Build | Farm |
| 22:56 | Queue | Archer |
| 22:58 | Queue | Archer |
| 23:01 | Build | Farm |
| 23:02 | Build | Farm |
| 23:06 | Queue | Villager (Male) |
| 23:26 | Queue | Villager (Male) |
| 23:28 | Queue | Archer |
| 23:29 | Queue | Archer |
| 23:52 | Build | Palisade Wall |
| 23:56 | Build | Palisade Gate |
| 23:58 | Queue | Villager (Male) |
| 23:58 | Queue | Villager (Male) |
| 24:08 | Queue | Archer |
| 24:10 | Queue | Archer |
| 24:42 | Build | Farm |
| 24:59 | Build | Stable |
| 25:03 | Research | Castle Age |
| 25:03 | Research | Castle Age |
| 25:11 | Queue | Archer |
| 25:24 | Research | Horse Collar |
| 25:24 | Research | Horse Collar |
| 26:38 | Queue | Villager (Male) |
| 26:40 | Queue | Scout Cavalry |
| 26:44 | Research | Bloodlines |
| 27:43 | Age | Castle Age |
| 27:49 | Queue | Knight |
| 27:49 | Queue | Knight |
| 27:53 | Queue | Cavalry Archer |
| 27:53 | Queue | Cavalry Archer |
| 27:55 | Queue | Cavalry Archer |
| 27:56 | Queue | Cavalry Archer |
| 27:56 | Queue | Cavalry Archer |
| 28:08 | Queue | Villager (Male) |
| 28:08 | Queue | Villager (Male) |
| 28:21 | Build | Town Center |
| 28:26 | Queue | Knight |
| 29:00 | Queue | Knight |
| 29:04 | Queue | Cavalry Archer |
Build order — cbox7
First 150 of 1157 actions detected
| 0:00 | Queue | Villager (Male) |
| 0:00 | Queue | Villager (Male) |
| 0:01 | Queue | Villager (Male) |
| 0:02 | Build | House |
| 0:03 | Build | House |
| 0:14 | Queue | Villager (Male) |
| 1:31 | Queue | Villager (Male) |
| 1:57 | Queue | Villager (Male) |
| 2:19 | Build | Mule Cart |
| 2:25 | Queue | Villager (Male) |
| 2:25 | Queue | Villager (Male) |
| 3:21 | Queue | Villager (Male) |
| 3:23 | Build | House |
| 3:48 | Queue | Villager (Male) |
| 4:04 | Queue | Villager (Male) |
| 4:24 | Queue | Villager (Male) |
| 4:44 | Queue | Villager (Male) |
| 5:14 | Queue | Villager (Male) |
| 5:21 | Build | Barracks |
| 5:23 | Build | Palisade Wall |
| 5:25 | Build | Palisade Wall |
| 5:26 | Build | Palisade Wall |
| 5:34 | Build | House |
| 5:44 | Queue | Villager (Male) |
| 5:57 | Queue | Villager (Male) |
| 6:19 | Queue | Militia |
| 6:20 | Queue | Militia |
| 6:24 | Build | House |
| 6:31 | Queue | Villager (Male) |
| 6:31 | Queue | Villager (Male) |
| 6:48 | Queue | Militia |
| 7:00 | Build | House |
| 7:07 | Build | House |
| 7:16 | Queue | Villager (Male) |
| 7:20 | Build | House |
| 7:26 | Queue | Militia |
| 7:26 | Queue | Militia |
| 7:39 | Build | Mill |
| 7:53 | Build | House |
| 8:02 | Queue | Villager (Male) |
| 8:19 | Queue | Villager (Male) |
| 8:28 | Queue | Villager (Male) |
| 8:29 | Queue | Villager (Male) |
| 8:31 | Build | Farm |
| 9:01 | Queue | Villager (Male) |
| 9:30 | Build | Palisade Wall |
| 9:33 | Build | House |
| 9:40 | Queue | Villager (Male) |
| 9:51 | Queue | Villager (Male) |
| 9:54 | Build | Mule Cart |
| 9:57 | Build | Farm |
| 9:58 | Queue | Villager (Male) |
| 10:04 | Build | Palisade Wall |
| 10:53 | Queue | Villager (Male) |
| 10:55 | Build | Farm |
| 10:56 | Build | Farm |
| 11:03 | Queue | Villager (Male) |
| 11:29 | Build | Farm |
| 11:36 | Research | Feudal Age |
| 11:39 | Research | Loom |
| 11:40 | Research | Feudal Age |
| 12:09 | Build | Farm |
| 12:16 | Queue | Militia |
| 12:16 | Queue | Militia |
| 12:49 | Build | Palisade Wall |
| 12:52 | Build | Palisade Wall |
| 13:04 | Build | House |
| 13:36 | Build | Palisade Wall |
| 13:37 | Build | Palisade Wall |
| 13:48 | Queue | Militia |
| 13:49 | Queue | Militia |
| 13:49 | Queue | Militia |
| 13:59 | Build | Farm |
| 14:07 | Build | Palisade Wall |
| 14:09 | Build | House |
| 14:13 | Build | House |
| 14:15 | Build | Palisade Wall |
| 14:22 | Age | Feudal Age |
| 14:28 | Build | Watch Tower |
| 14:37 | Queue | Villager (Male) |
| 14:41 | Build | Farm |
| 14:42 | Build | Farm |
| 14:47 | Research | Man-at-Arms (upgrade) |
| 14:53 | Queue | Villager (Male) |
| 14:56 | Queue | Militia |
| 15:32 | Queue | Villager (Male) |
| 15:35 | Research | Long Swordsman (upgrade) |
| 15:51 | Build | Farm |
| 15:52 | Queue | Villager (Male) |
| 15:55 | Build | Farm |
| 15:56 | Build | Farm |
| 16:08 | Queue | Militia |
| 16:25 | Queue | Villager (Male) |
| 16:25 | Queue | Villager (Male) |
| 17:18 | Queue | Villager (Male) |
| 17:18 | Queue | Villager (Male) |
| 17:47 | Build | Mule Cart |
| 17:56 | Queue | Villager (Male) |
| 18:10 | Queue | Militia |
| 18:13 | Queue | Villager (Male) |
| 18:20 | Build | Mill |
| 18:30 | Build | House |
| 18:31 | Build | House |
| 18:35 | Queue | Villager (Male) |
| 19:03 | Build | Farm |
| 19:03 | Build | Farm |
| 19:04 | Build | Farm |
| 19:04 | Build | Farm |
| 19:04 | Build | Farm |
| 19:04 | Build | Farm |
| 19:05 | Build | Farm |
| 19:05 | Build | Farm |
| 19:05 | Build | Farm |
| 19:05 | Build | Farm |
| 19:05 | Build | Farm |
| 19:06 | Build | Farm |
| 19:06 | Build | Farm |
| 19:06 | Build | Farm |
| 19:14 | Build | Market |
| 19:20 | Queue | Villager (Male) |
| 19:50 | Queue | Villager (Male) |
| 19:50 | Queue | Villager (Male) |
| 20:01 | Build | Archery Range |
| 20:06 | Build | Blacksmith |
| 20:08 | Research | Horse Collar |
| 20:12 | Research | Double-Bit Axe |
| 20:33 | Queue | Villager (Male) |
| 20:44 | Build | Farm |
| 21:02 | Queue | Skirmisher |
| 21:02 | Queue | Skirmisher |
| 21:03 | Research | Fletching |
| 21:05 | Research | Padded Archer Armor |
| 21:16 | Build | Archery Range |
| 21:32 | Build | Mule Cart |
| 21:41 | Queue | Skirmisher |
| 21:44 | Queue | Villager (Male) |
| 21:47 | Build | Farm |
| 21:49 | Build | Farm |
| 21:49 | Build | Farm |
| 21:53 | Queue | Villager (Male) |
| 21:59 | Build | Mule Cart |
| 22:28 | Queue | Villager (Male) |
| 22:28 | Queue | Villager (Male) |
| 22:30 | Queue | Skirmisher |
| 22:30 | Queue | Skirmisher |
| 22:38 | Build | Farm |
| 22:44 | Build | Farm |
| 22:46 | Build | Farm |
| 22:52 | Build | Farm |
| 23:18 | Build | House |
Match timeline
| 4:53 | theanswer5 · wall_segment Palisade Wall x1 |
| 4:56 | theanswer5 · wall_segment Palisade Wall x1 |
| 5:21 | cbox7 · first_building Barracks |
| 5:23 | cbox7 · wall_segment Palisade Wall x1 |
| 5:25 | cbox7 · wall_segment Palisade Wall x1 |
| 5:26 | cbox7 · wall_segment Palisade Wall x1 |
| 6:25 | theanswer5 · first_building Barracks |
| 9:30 | cbox7 · wall_segment Palisade Wall x1 |
| 10:03 | theanswer5 · age_up feudal |
| 10:04 | cbox7 · wall_segment Palisade Wall x1 |
| 12:49 | cbox7 · wall_segment Palisade Wall x1 |
| 12:52 | cbox7 · wall_segment Palisade Wall x1 |
| 13:36 | cbox7 · wall_segment Palisade Wall x1 |
| 13:37 | cbox7 · wall_segment Palisade Wall x1 |
| 14:07 | cbox7 · wall_segment Palisade Wall x1 |
| 14:13 | theanswer5 · wall_segment Palisade Wall x1 |
| 14:15 | cbox7 · wall_segment Palisade Wall x1 |
| 14:22 | cbox7 · age_up feudal |
| 14:35 | theanswer5 · wall_segment Palisade Wall x1 |
| 16:47 | theanswer5 · wall_segment Palisade Wall x1 |
| 16:50 | theanswer5 · wall_segment Palisade Wall x1 |
| 17:22 | theanswer5 · first_building Archery Range |
| 18:24 | theanswer5 · wall_segment Palisade Wall x1 |
| 20:01 | cbox7 · first_building Archery Range |
| 23:52 | theanswer5 · wall_segment Palisade Wall x4 |
| 24:59 | theanswer5 · first_building Stable |
| 26:07 | cbox7 · age_up castle |
| 27:39 | cbox7 · first_market_buy 100 wood |
| 27:43 | theanswer5 · age_up castle |
| 29:03 | cbox7 · first_building Monastery |
| 31:37 | theanswer5 · first_building Siege Workshop |
| 32:56 | cbox7 · first_market_sell 100 wood |
| 34:19 | cbox7 · wall_segment Palisade Wall x1 |
| 37:03 | cbox7 · first_building Castle |
| 40:07 | cbox7 · age_up imperial |
| 43:42 | theanswer5 · age_up imperial |
| 48:50 | theanswer5 · first_building Castle |
| 54:03 | cbox7 · wall_segment Stone Wall x7 |
| 55:05 | cbox7 · wall_segment Palisade Wall x1 |
| 55:06 | cbox7 · wall_segment Palisade Wall x1 |
| 55:08 | cbox7 · wall_segment Palisade Wall x1 |
| 57:49 | theanswer5 · first_market_buy 100 stone |
| 58:12 | cbox7 · first_building Stable |
| 64:10 | theanswer5 · first_market_sell 500 wood |
| 68:37 | cbox7 · first_building Siege Workshop |
| 94:18 | theanswer5 · resign |
[ AI ANALYSIS · 1 CREDIT ]
What really happened in this match?
Wolo.gg analyzes every decision: build order, eco, micro, common mistakes by bracket. Personalized analysis on WhatsApp or Discord in 30 seconds.
Civ guide
Huns
Perfil
Jugador #16931029